Map: Terraform LE (Void)

Players

qxc - Winner!

  • Race: Terran Terran
  • League: Master

Couguar

  • Race: Protoss Protoss
  • League: Master

VOD

Have the link to the VOD?

Description

Time

  • Played on: Sept. 5, 2015, 6:19 p.m.
  • Length: 11:59
Show
View Real Time Build Order
Export as new Build Order

qxc Terran - Winner!

Build Orders: MMM Bio 

Get SALT Encoding   

  12  0:00  SCV  
  13  0:12  SCV  
  14  0:17  Supply Depot  
  14  0:25  SCV  
  15  0:39  SCV  
  15  0:40  Barracks  
  16  0:46  Refinery  
  16  0:51  SCV  
  17  1:03  SCV  
  18  1:15  SCV  
  18  1:16  Engineering Bay  
  19  1:27  Orbital Command  
  19  1:28  Barracks Reactor  
  19  1:56  Command Center, SCV  
  20  2:06  Supply Depot  
  20  2:07  Reaper, Marine  
  22  2:11  SCV  
  23  2:24  Factory  
  23  2:28  SCV, Marine  
  25  2:36  Bunker  
  25  2:39  Marine  
  25  2:40  SCV  
  27  2:47  Marine  
  28  2:52  SCV  
  28  2:55  Supply Depot, Refinery  
  28  2:56  Marine  
  30  3:04  SCV  
  31  3:07  Marine  
  31  3:09  Orbital Command  
  31  3:11  Factory Tech Lab  
  32  3:16  SCV  
  32  3:28  Marine x2  
  32  3:30  SCV  
  35  3:36  Cyclone  
  35  3:37  SCV  
  38  3:42  SCV  
  38  3:45  Marine  
  38  3:46  Marine  
  41  3:49  SCV  
  41  3:51  Barracks  
  41  3:54  SCV  
  43  3:58  Supply Depot, Mag-Field Accelerator  
  43  4:01  SCV  
  44  4:04  Marine x2  
  44  4:06  SCV  
  47  4:14  SCV  
  48  4:18  SCV  
  48  4:21  Cyclone  
  48  4:24  Marine x2  
  52  4:26  SCV  
  52  4:30  SCV  
  56  4:33  Supply Depot  
  56  4:38  SCV  
  57  4:40  Barracks  
  57  4:42  SCV, Engineering Bay  
  57  4:43  Barracks Tech Lab, Refinery, Marine x2  
  60  4:50  SCV  
  61  4:54  Supply Depot, SCV  
  61  4:55  Cyclone  
  65  5:02  SCV  
  65  5:03  Marauder, Marine x2  
  70  5:12  SCV  
  70  5:16  SCV  
  70  5:20  Terran Infantry Weapons Level 1  
  71  5:21  Supply Depot  
  71  5:24  SCV  
  71  5:25  Refinery  
  71  5:27  Marine  
  71  5:28  Marine  
  76  5:30  Stimpack  
  75  5:40  Supply Depot, Bunker  
  74  5:45  Starport  
  74  5:47  Command Center, Marauder, Marine x2  
  78  5:57  SCV  
  79  6:01  SCV  
  79  6:02  Supply Depot  
  79  6:04  Missile Turret  
  79  6:09  SCV  
  82  6:11  Marauder x2, Marine x2  
  82  6:12  Factory Reactor  
  82  6:13  SCV  
  82  6:16  Combat Shields  
  87  6:23  Medivac  
  87  6:25  SCV  
  90  6:31  SCV  
  91  6:33  Supply Depot  
  91  6:34  Marauder, Marine x2  
  91  6:35  Missile Turret, Marauder  
  97  6:41  Supply Depot  
  97  6:42  SCV  
  97  6:43  Supply Depot  
  98  6:53  Marine  
  98  6:54  Marine  
  100  6:55  SCV  
  100  6:56  SCV, Marauder x2  
  100  7:00  Medivac  
  100  7:01  Missile Turret, Medivac  
  110  7:07  SCV  
  107  7:08  SCV, Missile Turret  
  107  7:13  SCV  
  102  7:20  Terran Infantry Armor Level 1  
  102  7:21  SCV, Marine x2  
  102  7:22  Marauder x2  
  109  7:25  Factory Reactor  
  109  7:26  Orbital Command  
  109  7:30  Viking  
  109  7:33  SCV  
  109  7:34  SCV  
  113  7:40  Medivac  
  113  7:41  Marine x2  
  117  7:45  Barracks  
  117  7:50  Marauder x2  
  122  7:52  Concussive Shells  
  122  7:57  Barracks  
  119  8:10  Orbital Command  
  119  8:11  Marauder  
  119  8:12  Marauder, Marine x2  
  122  8:13  Medivac x2, Widow Mine  
  128  8:22  Missile Turret  
  128  8:23  Widow Mine  
  128  8:25  Bunker  
  129  8:27  Armory  
  129  8:30  Marine  
  129  8:33  Marine, Marauder  
  133  8:36  Barracks Tech Lab  
  133  8:44  Engineering Bay  
  132  8:50  Marine  
  132  8:51  Barracks Reactor  
  132  8:54  Supply Depot  
  132  8:55  Supply Depot  
  133  8:56  Supply Depot  
  133  9:01  Marauder  
  133  9:02  Marine  
  133  9:04  SCV x2  
  133  9:06  SCV  
  133  9:09  Marauder  
  133  9:15  Marine  
  133  9:16  SCV x2, Marauder  
  138  9:18  Liberator x2  
  138  9:20  Marine  
  138  9:21  Terran Infantry Weapons Level 2  
  138  9:22  Marauder  
  138  9:23  Terran Infantry Armor Level 2  
  138  9:24  SCV, Widow Mine x2  
  133  9:31  Marauder  
  137  9:38  Refinery  
  137  9:40  Refinery  
  137  9:50  Marine x2  
  137  9:51  Marauder x2  
  137  9:52  Widow Mine x2  
  143  9:58  Marauder, Marine x2  
  149  10:02  Liberator  
  149  10:09  Barracks x2  
  149  10:13  Marine x2  
  151  10:15  Command Center  
  151  10:17  Marine x2  
  151  10:20  Ghost Academy  
  156  10:40  Marine  
  156  10:41  Missile Turret  
  157  10:43  Missile Turret  
  157  10:48  Liberator  
  157  10:52  Marine  
  157  10:59  Barracks Tech Lab x2  
  157  11:05  Marauder, Marine x3, Widow Mine x2  
  157  11:06  Supply Depot, Marauder x2  
  157  11:08  Supply Depot  
  153  11:30  Ghost x2  
  153  11:31  Marine x4  
  157  11:54  Missile Turret  
Show
View Real Time Build Order
Export as new Build Order

Couguar Protoss 

Build Orders: Blink Stalkers 

Get SALT Encoding   

  12  0:01  Probe (Chrono Boost)  
  13  0:11  Probe (Chrono Boost)  
  14  0:18  Pylon  
  14  0:21  Probe (Chrono Boost)  
  15  0:36  Probe (Chrono Boost)  
  15  0:37  Gateway  
  16  0:46  Probe (Chrono Boost), Assimilator  
  17  0:56  Probe (Chrono Boost)  
  18  0:57  Pylon  
  18  1:06  Probe (Chrono Boost)  
  19  1:16  Probe (Chrono Boost)  
  20  1:25  Cybernetics Core  
  20  1:27  Zealot  
  20  1:28  Probe (Chrono Boost)  
  23  1:38  Probe (Chrono Boost)  
  24  1:59  Assimilator  
  24  2:02  Mothership Core (Chrono Boost), Adept  
  28  2:10  Pylon  
  28  2:16  Warp Gate  
  28  2:20  Probe (Chrono Boost)  
  29  2:30  Probe (Chrono Boost)  
  30  2:41  Probe (Chrono Boost)  
  31  2:44  Nexus  
  31  2:53  Probe (Chrono Boost)  
  32  3:02  Twilight Council  
  32  3:12  Pylon  
  32  3:13  Pylon  
  32  3:16  Pylon  
  31  3:26  Probe (Chrono Boost)  
  30  3:38  Mothership Core (Chrono Boost)  
  28  3:50  Pylon, Blink (Chrono Boost)  
  28  3:56  Probe (Chrono Boost), Gateway  
  28  3:57  Gateway  
  29  4:06  Probe (Chrono Boost)  
  30  4:16  Probe (Chrono Boost)  
  31  4:21  Gateway  
  31  4:22  Gateway  
  31  4:26  Probe (Chrono Boost)  
  31  4:28  Probe (Chrono Boost)  
  33  4:35  Gateway  
  33  4:36  Probe (Chrono Boost)  
  34  4:38  Probe (Chrono Boost)  
  34  4:44  Pylon  
  35  4:47  Robotics Facility  
  35  4:54  Dark Shrine  
  35  4:55  Probe  
  36  5:03  Stalker  
  38  5:07  Stalker  
  38  5:13  Stalker  
  42  5:17  Probe  
  42  5:19  Probe  
  44  5:27  Stalker  
  46  5:29  Stalker  
  46  5:30  Stalker  
  50  5:36  Warp Prism (Chrono Boost)  
  50  5:37  Probe  
  50  5:41  Probe  
  54  5:47  Probe  
  54  5:48  Pylon  
  55  5:50  Assimilator  
  55  5:54  Probe  
  56  5:57  Probe  
  57  6:06  Probe  
  57  6:07  Stalker  
  57  6:08  Stalker x2  
  64  6:14  Pylon  
  64  6:16  Gateway  
  64  6:20  Probe  
  64  6:24  Assimilator  
  65  6:30  Dark Templar x2  
  69  6:35  Probe  
  70  6:40  Pylon  
  70  6:42  Dark Templar  
  70  6:43  Probe  
  70  6:44  Stalker  
  76  6:47  Probe  
  76  6:50  Stalker  
  78  6:56  Probe  
  73  7:21  Probe  
  69  7:23  Probe  
  69  7:29  Robotics Facility  
  71  7:32  Probe, Robotics Bay  
  72  7:40  Gateway  
  72  7:41  Gateway  
  72  7:43  Nexus  
  72  7:46  Gateway, Warp Prism (Chrono Boost)  
  72  7:51  Dark Templar x2  
  72  7:57  Pylon  
  76  7:59  Pylon  
  72  8:21  Colossus (Chrono Boost)  
  84  8:29  Colossus (Chrono Boost)  
  84  8:42  Extended Thermal Lance  
  84  8:44  Adept x2  
  84  8:45  Adept  
  86  8:49  Adept x2  
  90  9:01  Probe  
  90  9:05  Pylon  
  90  9:07  Adept, Pylon  
  90  9:08  Adept x3  
  97  9:11  Probe  
  96  9:20  Adept  
  96  9:21  Adept x2  
  88  9:24  Adept  
  74  9:36  Adept x3  
  73  9:48  Adept x2  
  73  9:49  Adept x2  
  79  10:07  Probe  
  79  10:08  Disruptor (Chrono Boost)  
  79  10:13  Disruptor (Chrono Boost)  
  86  10:17  Stalker  
  86  10:18  Stalker x2  
  86  10:19  Stalker  
  94  10:31  Stalker x2  
  94  10:33  Stalker  
  100  10:35  Adept  
  89  11:04  Stalker x6  
  89  11:27  Adept  
  89  11:28  Adept x3  
  93  11:35  Stalker x4  
Tags
 
Add a new tag
Caveats
  • Supply blocks, unpowered buildings, or Contaminate may cause inaccurate times.
  • Supply counts are checked every 10 seconds.